cohdb
Replays
Latest Replays
All Replays
Popular Replays
Top Player Replays
Match Explorer
How It Works
Community
CoH3 Stats
Reddit
Sign in to upload your games and track your stats! →
Sign in with Steam
Match 47053386
Unlisted
Match 47053386
Overview
Messages
Build Orders
End
Pioneer Squad
Construct Infanterie Kompanie
Grenadier Squad
MG 42 Machine Gun Team
Selects Terror Battlegroup
Selects Machine Gun Camouflage
Grenadier Squad
Construct Panzergrenadier Kompanie
Selects Contempt for the Weak
Selects Contempt for the Weak
Panzergrenadier Squad
Pak 40 Anti-tank Gun Team
Support Elements
StuG III G Assault Gun
Construct Panzer Kompanie
Selects Defend the Fatherland
Stoßtruppen Squad
Defend the Fatherland
StuG III G Assault Gun
Nebelwerfer 42 Rocket Launcher Team
Defend the Fatherland
Sturmpanzer IV Brummbär
Padesát Centů
ChaBoi
B Ranked Aura Farmer
我不會說中文
Beze
Stuart
Thomas Shelby
Adult Asthma Is A Choice
0
0
Comments
sign in to comment!
No comments posted yet!